Connexion

SAN JOSE Sharks vs ARIZONA Coyotes

Created - 5 février 2024 at 05:45

Goals
1 2 3 T
SAN JOSE Sharks 2 1 0 3
ARIZONA Coyotes 1 2 2 5
Shots
1 2 3 T
SAN JOSE Sharks 12 3 11 26
ARIZONA Coyotes 8 17 9 34

GoalsPenalties
1st period
1. ARIZONA Coyotes , Matthew Tkachuk 22 (Sean Durzi 26, Timo Meier 22) at 10:22
2. SAN JOSE Sharks , Lucas Raymond 11 (Mike Hoffman 24, Connor Brown 8) at 17:23
3. SAN JOSE Sharks , Erik Haula 6 (Cody Ceci 12, Vincent Desharnais 12) at 17:48
No Penalty
2nd period
4. ARIZONA Coyotes , Matthew Tkachuk 23 (Victor Olofsson 22, Brayden Point 37) at 4:01 (PP)
5. SAN JOSE Sharks , Mike Hoffman 20 (Lucas Raymond 14, Connor Brown 9) at 8:25
6. ARIZONA Coyotes , Brayden Point 22 (Timo Meier 23, Madison Bowey 24) at 11:47
Cody Ceci (S.J) for Tripping (Minor) at 2:58
Brent Gates (S.J) for Hooking (Minor) at 6:00
Brendan Perlini (S.J) for Roughing (Minor) at 19:16
3rd period
7. ARIZONA Coyotes , Nazem Kadri 26 (Timo Meier 24, Dougie Hamilton 34) at 0:24 (PP)
8. ARIZONA Coyotes , Matthew Tkachuk 24 (Madison Bowey 25, Brayden Point 38) at 19:32 (Empty Net)
Braden Schneider (ARI) for Interference (Minor) at 3:30
Mike Hoffman (S.J) for Tripping (Minor) at 11:36
Goalie Stats
Jake Oettinger (S.J), 29 saves from 33 shots - (0,879), L, 19-29-4, 59:36 minutes
Jaroslav Halak (ARI), 23 saves from 26 shots - (0,885), W, 8-8-2, 60:00 minutes
3 StarsOfficial
1 - Matthew Tkachuk (ARI)
2 - Brayden Point (ARI)
3 - Lucas Raymond (S.J)
Referees : Dave Jackson and Chris Lee
Linesman : Mike Cvik and Lyle Seitz
Game Note
Matthew Tkachuk has scored a Hat Trick!
Matthew Tkachuk has scored in a empty net!
Finance
Level 1 -- Attendance: 5443 (90,72%) -- Ticket Income $734,805
Level 2 -- Attendance: 3687 (89,38%) -- Ticket Income $383,448
Level 3 -- Attendance: 1758 (87,90%) -- Ticket Income $101,964
Level 4 -- Attendance: 3755 (93,88%) -- Ticket Income $146,445
Luxury Box -- Attendance: 997 (99,70%) -- Ticket Income $258,223
Game was played at the Jobing.com Arena.
Total Attendance: 15640 (91,33%)
Total Ticket Income: $1,624,885
Other Income: $324,977
Total Income: $1,949,862



Team Name Goals Shots Shots Attemp Shots Blocked PIM HIT PP PK FO%
SAN JOSE Sharks 32653148270 / 1 (0%)246%
ARIZONA Coyotes 5347162262 / 4 (50%)054%

SAN JOSE Sharks
Player Name POS G A P +/- PIM HIT SHT SB MP PP MP PP SHT PK MP PK SHT FO% FOT
Brendan PerliniLW/RW0000201014:590:0000:57033% 3
Brent GatesC/LW000-121005:130:0000:0000% 0
Christian JarosD000-1021320:560:4703:0000% 0
Cody CeciD0111210014:150:0000:0000% 0
Connor BrownRW0222020018:171:1200:000100% 3
Derek StepanC/LW/RW000-1003120:150:4703:58050% 20
Erik HaulaC/LW1010001014:030:0000:00060% 15
Josh AndersonRW0000033114:030:0000:0000% 1
Lucas RaymondLW1122044019:241:1211:0700% 0
Marcus PetterssonD0000001224:481:1203:0900% 0
Michael McLeodC000-100005:140:0000:00060% 5
Mike HoffmanC/LW1122202018:161:1200:00032% 22
Nathan BeaulieuD000-1010220:560:4703:0000% 0
Ondrej PalatLW000-1035024:270:4714:10040% 10
Rasmus RistolainenD0000031524:481:1203:0900% 0
Tom WilsonRW000-1032017:240:4701:07025% 4
Trent FredericC/LW000-100002:130:0000:5900% 0
Vincent DesharnaisD0111042014:160:0000:0000% 0
ARIZONA Coyotes
Player Name POS G A P +/- PIM HIT SHT SB MP PP MP PP SHT PK MP PK SHT FO% FOT
Braden SchneiderD000-1210014:390:0000:0000% 0
Brayden PointC/RW1232025021:213:0400:30059% 22
Brock NelsonC0000001011:290:0000:00027% 15
Carl HagelinLW/RW000-100207:130:0000:0300% 1
Dillon DubeC/LW/RW000-100007:100:0000:0000% 0
Dougie HamiltonD0111031323:213:0511:0000% 0
Justin AbdelkaderC/LW0000061111:290:0000:0000% 1
Klim KostinC000-100107:100:0000:00056% 9
Madison BoweyD0221030022:372:2101:0000% 0
Matt BoldyLW/RW000-1002018:313:0510:000100% 1
Matthew TkachukLW/RW3032008022:173:0431:26067% 3
Nazem KadriC/LW/RW1010023020:143:0511:29058% 26
Sean DurziD0110021021:162:2100:5900% 0
Sonny MilanoLW/RW0000002012:120:4300:000100% 1
Timo MeierLW/RW0331023021:083:0500:300100% 1
Tucker PoolmanD000-1030215:230:4300:0000% 0
Victor OlofssonLW/RW011-1002017:472:2100:000100% 3
Vince DunnD0000022022:433:4820:5900% 0



Play-by-Play

1st period


0:01 of 1st period - Derek Stepan wins face-off versus Brayden Point in neutral zone.
0:18 of 1st period - Dougie Hamilton is hit by Tom Wilson and loses puck.
0:38 of 1st period - Tom Wilson is hit by Dougie Hamilton and loses puck.
1:05 of 1st period - Mike Hoffman is hit by Dougie Hamilton and loses puck.
1:08 of 1st period - Shot by Connor Brown.
1:08 of 1st period - Shot Misses the Net.
1:10 of 1st period - Shot by Lucas Raymond.
1:10 of 1st period - Shot Misses the Net.
1:47 of 1st period - Brendan Perlini is hit by Dougie Hamilton and loses puck.
1:56 of 1st period - Shot by Brendan Perlini.
1:56 of 1st period - Shot Misses the Net.
1:58 of 1st period - Shot by Vincent Desharnais.
1:58 of 1st period - Stopped by Jaroslav Halak without a rebound.
1:59 of 1st period - Nazem Kadri wins face-off versus Michael McLeod in ARIZONA Coyotes zone.
1:59 of 1st period - Nazem Kadri is hit by Ondrej Palat.
2:02 of 1st period - Victor Olofsson is hit by Ondrej Palat and loses puck.
2:19 of 1st period - Shot by Nazem Kadri.
2:19 of 1st period - Shot Misses the Net.
2:56 of 1st period - Michael McLeod is hit by Justin Abdelkader and loses puck.
3:35 of 1st period - Brendan Perlini is hit by Tucker Poolman and loses puck.
3:49 of 1st period - Erik Haula is hit by Braden Schneider and loses puck.
3:57 of 1st period - Josh Anderson is hit by Tucker Poolman and loses puck.
4:13 of 1st period - Connor Brown is hit by Justin Abdelkader and loses puck.
4:24 of 1st period - Sonny Milano is hit by Lucas Raymond.
4:31 of 1st period - Icing by Tucker Poolman.
4:32 of 1st period - Derek Stepan wins face-off versus Brock Nelson in ARIZONA Coyotes zone.
4:33 of 1st period - Shot by Tom Wilson.
4:33 of 1st period - Shot Blocked by Tucker Poolman.
4:35 of 1st period - Shot by Derek Stepan.
4:35 of 1st period - Stopped by Jaroslav Halak with a rebound.
5:18 of 1st period - Icing by Justin Abdelkader.
5:19 of 1st period - Erik Haula wins face-off versus Brock Nelson in ARIZONA Coyotes zone.
6:10 of 1st period - Icing by Sean Durzi.
6:11 of 1st period - Nazem Kadri wins face-off versus Mike Hoffman in ARIZONA Coyotes zone.
6:29 of 1st period - Shot by Mike Hoffman.
6:29 of 1st period - Shot Misses the Net.
6:31 of 1st period - Shot by Vincent Desharnais.
6:31 of 1st period - Stopped by Jaroslav Halak without a rebound.
6:32 of 1st period - Klim Kostin wins face-off versus Derek Stepan in ARIZONA Coyotes zone.
6:32 of 1st period - Klim Kostin is hit by Tom Wilson.
6:49 of 1st period - Shot by Derek Stepan.
6:49 of 1st period - Stopped by Jaroslav Halak without a rebound.
6:50 of 1st period - Brayden Point wins face-off versus Mike Hoffman in ARIZONA Coyotes zone.
7:02 of 1st period - Shot by Brayden Point.
7:02 of 1st period - Stopped by Jake Oettinger without a rebound.
7:03 of 1st period - Victor Olofsson wins face-off versus Derek Stepan in SAN JOSE Sharks zone.
7:16 of 1st period - Shot by Victor Olofsson.
7:16 of 1st period - Stopped by Jake Oettinger without a rebound.
7:17 of 1st period - Connor Brown wins face-off versus Brayden Point in SAN JOSE Sharks zone.
7:41 of 1st period - Shot by Timo Meier.
7:41 of 1st period - Stopped by Jake Oettinger without a rebound.
7:42 of 1st period - Matt Boldy wins face-off versus Derek Stepan in SAN JOSE Sharks zone.
8:25 of 1st period - Shot by Matt Boldy.
8:25 of 1st period - Shot Misses the Net.
8:30 of 1st period - Ondrej Palat is hit by Madison Bowey and loses puck.
9:15 of 1st period - Shot by Mike Hoffman.
9:15 of 1st period - Stopped by Jaroslav Halak without a rebound.
9:16 of 1st period - Erik Haula wins face-off versus Klim Kostin in ARIZONA Coyotes zone.
10:22 of 1st period - Shot by Matthew Tkachuk.
10:22 of 1st period - Goal by Matthew Tkachuk - SAN JOSE Sharks : 0 - ARIZONA Coyotes : 1.
10:23 of 1st period - Brock Nelson wins face-off versus Mike Hoffman in neutral zone.
10:41 of 1st period - Icing by Nathan Beaulieu.
10:42 of 1st period - Matthew Tkachuk wins face-off versus Mike Hoffman in SAN JOSE Sharks zone.
11:01 of 1st period - Shot by Lucas Raymond.
11:01 of 1st period - Shot Misses the Net.
11:03 of 1st period - Shot by Christian Jaros.
11:03 of 1st period - Stopped by Jaroslav Halak without a rebound.
11:04 of 1st period - Tom Wilson wins face-off versus Nazem Kadri in ARIZONA Coyotes zone.
11:05 of 1st period - Shot by Ondrej Palat.
11:05 of 1st period - Stopped by Jaroslav Halak with a rebound.
11:11 of 1st period - Ondrej Palat is hit by Nazem Kadri and loses puck.
11:40 of 1st period - Icing by Rasmus Ristolainen.
11:41 of 1st period - Derek Stepan wins face-off versus Brayden Point in SAN JOSE Sharks zone.
12:15 of 1st period - Icing by Madison Bowey.
12:16 of 1st period - Mike Hoffman wins face-off versus Brayden Point in ARIZONA Coyotes zone.
13:13 of 1st period - Shot by Sean Durzi.
13:13 of 1st period - Shot Misses the Net.
13:51 of 1st period - Shot by Braden Schneider.
13:51 of 1st period - Shot Misses the Net.
13:53 of 1st period - Shot by Carl Hagelin.
13:53 of 1st period - Stopped by Jake Oettinger without a rebound.
13:54 of 1st period - Derek Stepan wins face-off versus Brock Nelson in SAN JOSE Sharks zone.
13:54 of 1st period - Derek Stepan is hit by Justin Abdelkader.
14:56 of 1st period - Brendan Perlini is hit by Brayden Point and loses puck.
15:07 of 1st period - Shot by Brayden Point.
15:07 of 1st period - Stopped by Jake Oettinger without a rebound.
15:08 of 1st period - Michael McLeod wins face-off versus Nazem Kadri in SAN JOSE Sharks zone.
15:37 of 1st period - Shot by Nazem Kadri.
15:37 of 1st period - Shot Blocked by Christian Jaros.
15:39 of 1st period - Shot by Sean Durzi.
15:39 of 1st period - Shot Misses the Net.
16:31 of 1st period - Shot by Josh Anderson.
16:31 of 1st period - Stopped by Jaroslav Halak with a rebound.
16:33 of 1st period - Shot by Josh Anderson.
16:33 of 1st period - Stopped by Jaroslav Halak without a rebound.
16:34 of 1st period - Mike Hoffman wins face-off versus Klim Kostin in ARIZONA Coyotes zone.
16:43 of 1st period - Shot by Lucas Raymond.
16:43 of 1st period - Stopped by Jaroslav Halak without a rebound.
16:44 of 1st period - Brock Nelson wins face-off versus Josh Anderson in ARIZONA Coyotes zone.
16:44 of 1st period - Brock Nelson is hit by Josh Anderson.
16:54 of 1st period - Shot by Sonny Milano.
16:54 of 1st period - Stopped by Jake Oettinger without a rebound.
16:55 of 1st period - Brayden Point wins face-off versus Mike Hoffman in SAN JOSE Sharks zone.
16:55 of 1st period - Brayden Point is hit by Rasmus Ristolainen.
17:00 of 1st period - Matthew Tkachuk is hit by Rasmus Ristolainen and loses puck.
17:21 of 1st period - Shot by Mike Hoffman.
17:21 of 1st period - Shot Misses the Net.
17:23 of 1st period - Shot by Lucas Raymond.
17:23 of 1st period - Goal by Lucas Raymond - SAN JOSE Sharks : 1 - ARIZONA Coyotes : 1.
17:24 of 1st period - Nazem Kadri wins face-off versus Erik Haula in neutral zone.
17:46 of 1st period - Shot by Cody Ceci.
17:46 of 1st period - Shot Misses the Net.
17:48 of 1st period - Shot by Erik Haula.
17:48 of 1st period - Goal by Erik Haula - SAN JOSE Sharks : 2 - ARIZONA Coyotes : 1.
17:49 of 1st period - Brayden Point wins face-off versus Mike Hoffman in neutral zone.
17:49 of 1st period - Matthew Tkachuk is hit by Connor Brown and loses puck.
18:56 of 1st period - Shot by Nazem Kadri.
18:56 of 1st period - Shot Misses the Net.
19:03 of 1st period - Victor Olofsson is hit by Christian Jaros and loses puck.
19:10 of 1st period - Shot by Nazem Kadri.
19:10 of 1st period - Stopped by Jake Oettinger without a rebound.
19:11 of 1st period - Klim Kostin wins face-off versus Erik Haula in SAN JOSE Sharks zone.
Goals for this period are 2 for SAN JOSE Sharks vs 1 for ARIZONA Coyotes .
Shots for this period are 12 for SAN JOSE Sharks vs 8 for ARIZONA Coyotes .

2nd period


0:01 of 2nd period - Ondrej Palat wins face-off versus Brayden Point in neutral zone.
0:05 of 2nd period - Icing by Sean Durzi.
0:06 of 2nd period - Brayden Point wins face-off versus Derek Stepan in ARIZONA Coyotes zone.
0:06 of 2nd period - Vince Dunn is hit by Ondrej Palat and loses puck.
0:19 of 2nd period - Shot by Matthew Tkachuk.
0:19 of 2nd period - Deflect By Timo Meier.
0:19 of 2nd period - Stopped by Jake Oettinger without a rebound.
0:20 of 2nd period - Mike Hoffman wins face-off versus Nazem Kadri in SAN JOSE Sharks zone.
0:52 of 2nd period - Icing by Nathan Beaulieu.
0:53 of 2nd period - Timo Meier wins face-off versus Mike Hoffman in SAN JOSE Sharks zone.
1:05 of 2nd period - Mike Hoffman is hit by Timo Meier and loses puck.
1:32 of 2nd period - Shot by Matthew Tkachuk.
1:32 of 2nd period - Stopped by Jake Oettinger without a rebound.
1:33 of 2nd period - Erik Haula wins face-off versus Nazem Kadri in SAN JOSE Sharks zone.
1:43 of 2nd period - Josh Anderson is hit by Madison Bowey and loses puck.
1:48 of 2nd period - Shot by Josh Anderson.
1:48 of 2nd period - Shot Misses the Net.
2:01 of 2nd period - Icing by Marcus Pettersson.
2:02 of 2nd period - Erik Haula wins face-off versus Brock Nelson in SAN JOSE Sharks zone.
2:04 of 2nd period - Brendan Perlini is hit by Justin Abdelkader and loses puck.
2:49 of 2nd period - Shot by Ondrej Palat.
2:49 of 2nd period - Shot Blocked by Tucker Poolman.
2:51 of 2nd period - Shot by Tom Wilson.
2:51 of 2nd period - Shot Misses the Net.
2:58 of 2nd period - Minor Penalty to Cody Ceci for Tripping.
2:59 of 2nd period - Ondrej Palat wins face-off versus Nazem Kadri in SAN JOSE Sharks zone.
3:18 of 2nd period - Shot by Nazem Kadri.
3:18 of 2nd period - Shot Blocked by Nathan Beaulieu.
3:20 of 2nd period - Shot by Dougie Hamilton.
3:20 of 2nd period - Deflect By Matt Boldy.
3:20 of 2nd period - Stopped by Jake Oettinger without a rebound.
3:21 of 2nd period - Brayden Point wins face-off versus Ondrej Palat in SAN JOSE Sharks zone.
3:32 of 2nd period - Shot by Brayden Point.
3:32 of 2nd period - Deflect By Matthew Tkachuk.
3:32 of 2nd period - Shot Blocked by Rasmus Ristolainen.
3:44 of 2nd period - Shot by Matthew Tkachuk.
3:44 of 2nd period - Shot Blocked by Rasmus Ristolainen.
3:46 of 2nd period - Shot by Victor Olofsson.
3:46 of 2nd period - Shot Blocked by Rasmus Ristolainen.
3:59 of 2nd period - Shot by Brayden Point.
3:59 of 2nd period - Shot Misses the Net.
4:01 of 2nd period - Shot by Victor Olofsson.
4:01 of 2nd period - Deflect By Matthew Tkachuk.
4:01 of 2nd period - Goal by Matthew Tkachuk - SAN JOSE Sharks : 2 - ARIZONA Coyotes : 2.
4:02 of 2nd period - Klim Kostin wins face-off versus Mike Hoffman in neutral zone.
4:05 of 2nd period - Shot by Carl Hagelin.
4:05 of 2nd period - Shot Blocked by Christian Jaros.
5:20 of 2nd period - Shot by Brock Nelson.
5:20 of 2nd period - Deflect By Justin Abdelkader.
5:20 of 2nd period - Stopped by Jake Oettinger with a rebound.
5:22 of 2nd period - Shot by Brock Nelson.
5:22 of 2nd period - Stopped by Jake Oettinger without a rebound.
5:23 of 2nd period - Michael McLeod wins face-off versus Brayden Point in SAN JOSE Sharks zone.
6:00 of 2nd period - Minor Penalty to Brent Gates for Hooking.
6:01 of 2nd period - Nazem Kadri wins face-off versus Ondrej Palat in SAN JOSE Sharks zone.
6:22 of 2nd period - Shot by Dougie Hamilton.
6:22 of 2nd period - Stopped by Jake Oettinger without a rebound.
6:23 of 2nd period - Brayden Point wins face-off versus Ondrej Palat in SAN JOSE Sharks zone.
6:58 of 2nd period - Shot by Matthew Tkachuk.
6:58 of 2nd period - Stopped by Jake Oettinger without a rebound.
6:59 of 2nd period - Nazem Kadri wins face-off versus Tom Wilson in SAN JOSE Sharks zone.
8:09 of 2nd period - Off-side.
8:10 of 2nd period - Klim Kostin wins face-off versus Mike Hoffman in neutral zone.
8:25 of 2nd period - Shot by Mike Hoffman.
8:25 of 2nd period - Goal by Mike Hoffman - SAN JOSE Sharks : 3 - ARIZONA Coyotes : 2.
8:26 of 2nd period - Erik Haula wins face-off versus Brock Nelson in neutral zone.
8:30 of 2nd period - Christian Jaros is hit by Sean Durzi and loses puck.
8:48 of 2nd period - Icing by Nathan Beaulieu.
8:49 of 2nd period - Matthew Tkachuk wins face-off versus Erik Haula in SAN JOSE Sharks zone.
9:14 of 2nd period - Christian Jaros is hit by Timo Meier and loses puck.
9:19 of 2nd period - Shot by Matthew Tkachuk.
9:19 of 2nd period - Shot Blocked by Josh Anderson.
9:34 of 2nd period - Shot by Matthew Tkachuk.
9:34 of 2nd period - Stopped by Jake Oettinger without a rebound.
9:35 of 2nd period - Derek Stepan wins face-off versus Nazem Kadri in SAN JOSE Sharks zone.
10:10 of 2nd period - Icing by Sean Durzi.
10:11 of 2nd period - Nazem Kadri wins face-off versus Mike Hoffman in ARIZONA Coyotes zone.
10:27 of 2nd period - Shot by Mike Hoffman.
10:27 of 2nd period - Shot Misses the Net.
10:35 of 2nd period - Shot by Mike Hoffman.
10:35 of 2nd period - Shot Misses the Net.
11:15 of 2nd period - Icing by Brayden Point.
11:16 of 2nd period - Erik Haula wins face-off versus Brayden Point in ARIZONA Coyotes zone.
11:41 of 2nd period - Shot by Brayden Point.
11:41 of 2nd period - Stopped by Jake Oettinger with a rebound.
11:43 of 2nd period - Shot by Timo Meier.
11:43 of 2nd period - Stopped by Jake Oettinger with a rebound.
11:45 of 2nd period - Shot by Brayden Point.
11:45 of 2nd period - Shot Misses the Net.
11:47 of 2nd period - Shot by Brayden Point.
11:47 of 2nd period - Goal by Brayden Point - SAN JOSE Sharks : 3 - ARIZONA Coyotes : 3.
11:48 of 2nd period - Derek Stepan wins face-off versus Brock Nelson in neutral zone.
12:19 of 2nd period - Shot by Ondrej Palat.
12:19 of 2nd period - Stopped by Jaroslav Halak without a rebound.
12:20 of 2nd period - Nazem Kadri wins face-off versus Mike Hoffman in ARIZONA Coyotes zone.
12:53 of 2nd period - Shot by Sean Durzi.
12:53 of 2nd period - Stopped by Jake Oettinger without a rebound.
12:54 of 2nd period - Brayden Point wins face-off versus Derek Stepan in SAN JOSE Sharks zone.
12:57 of 2nd period - Shot by Brayden Point.
12:57 of 2nd period - Stopped by Jake Oettinger with a rebound.
12:59 of 2nd period - Shot by Brayden Point.
12:59 of 2nd period - Shot Blocked by Rasmus Ristolainen.
13:01 of 2nd period - Shot by Matthew Tkachuk.
13:01 of 2nd period - Shot Misses the Net.
13:31 of 2nd period - Shot by Matthew Tkachuk.
13:31 of 2nd period - Shot Hit the Post.
13:35 of 2nd period - Shot by Matthew Tkachuk.
13:35 of 2nd period - Stopped by Jake Oettinger without a rebound.
13:36 of 2nd period - Mike Hoffman wins face-off versus Nazem Kadri in SAN JOSE Sharks zone.
13:38 of 2nd period - Icing by Nathan Beaulieu.
13:39 of 2nd period - Victor Olofsson wins face-off versus Mike Hoffman in SAN JOSE Sharks zone.
13:42 of 2nd period - Shot by Matt Boldy.
13:42 of 2nd period - Shot Misses the Net.
14:10 of 2nd period - Shot by Victor Olofsson.
14:10 of 2nd period - Shot Misses the Net.
14:12 of 2nd period - Shot by Matt Boldy.
14:12 of 2nd period - Shot Blocked by Christian Jaros.
15:20 of 2nd period - Icing by Lucas Raymond.
15:21 of 2nd period - Mike Hoffman wins face-off versus Brock Nelson in SAN JOSE Sharks zone.
15:37 of 2nd period - Off-side.
15:38 of 2nd period - Nazem Kadri wins face-off versus Derek Stepan in neutral zone.
15:49 of 2nd period - Shot by Matt Boldy.
15:49 of 2nd period - Shot Misses the Net.
15:51 of 2nd period - Shot by Victor Olofsson.
15:51 of 2nd period - Shot Misses the Net.
15:53 of 2nd period - Shot by Vince Dunn.
15:53 of 2nd period - Shot Misses the Net.
15:55 of 2nd period - Shot by Victor Olofsson.
15:55 of 2nd period - Stopped by Jake Oettinger without a rebound.
15:56 of 2nd period - Sonny Milano wins face-off versus Erik Haula in SAN JOSE Sharks zone.
16:20 of 2nd period - Sonny Milano is hit by Vincent Desharnais and loses puck.
17:24 of 2nd period - Marcus Pettersson is hit by Vince Dunn and loses puck.
17:47 of 2nd period - Shot by Brent Gates.
17:47 of 2nd period - Shot Misses the Net.
18:02 of 2nd period - Icing by Nathan Beaulieu.
18:03 of 2nd period - Nazem Kadri wins face-off versus Michael McLeod in SAN JOSE Sharks zone.
18:12 of 2nd period - Nazem Kadri is hit by Brent Gates and loses puck.
18:41 of 2nd period - Dougie Hamilton is hit by Lucas Raymond and loses puck.
18:51 of 2nd period - Victor Olofsson is hit by Vincent Desharnais and loses puck.
19:14 of 2nd period - Shot by Ondrej Palat.
19:14 of 2nd period - Deflect By Derek Stepan.
19:14 of 2nd period - Stopped by Jaroslav Halak without a rebound.
19:15 of 2nd period - Klim Kostin wins face-off versus Brendan Perlini in ARIZONA Coyotes zone.
19:15 of 2nd period - Klim Kostin is hit by Josh Anderson.
19:16 of 2nd period - Minor Penalty to Brendan Perlini for Roughing.
19:17 of 2nd period - Ondrej Palat wins face-off versus Brayden Point in SAN JOSE Sharks zone.
19:17 of 2nd period - Ondrej Palat is hit by Brayden Point.
19:37 of 2nd period - Shot by Vince Dunn.
19:37 of 2nd period - Deflect By Matthew Tkachuk.
19:37 of 2nd period - Stopped by Jake Oettinger with a rebound.
Goals for this period are 1 for SAN JOSE Sharks vs 2 for ARIZONA Coyotes .
Shots for this period are 3 for SAN JOSE Sharks vs 17 for ARIZONA Coyotes .

3rd period


0:01 of 3rd period - Nazem Kadri wins face-off versus Ondrej Palat in neutral zone.
0:04 of 3rd period - Shot by Dougie Hamilton.
0:04 of 3rd period - Shot Blocked by Marcus Pettersson.
0:08 of 3rd period - Shot by Nazem Kadri.
0:08 of 3rd period - Shot Blocked by Marcus Pettersson.
0:10 of 3rd period - Shot by Vince Dunn.
0:10 of 3rd period - Stopped by Jake Oettinger without a rebound.
0:11 of 3rd period - Ondrej Palat wins face-off versus Nazem Kadri in SAN JOSE Sharks zone.
0:22 of 3rd period - Shot by Timo Meier.
0:22 of 3rd period - Deflect By Nazem Kadri.
0:22 of 3rd period - Shot Misses the Net.
0:24 of 3rd period - Shot by Nazem Kadri.
0:24 of 3rd period - Goal by Nazem Kadri - SAN JOSE Sharks : 3 - ARIZONA Coyotes : 4.
0:25 of 3rd period - Mike Hoffman wins face-off versus Klim Kostin in neutral zone.
0:28 of 3rd period - Klim Kostin is hit by Connor Brown and loses puck.
0:49 of 3rd period - Shot by Klim Kostin.
0:49 of 3rd period - Stopped by Jake Oettinger without a rebound.
0:50 of 3rd period - Derek Stepan wins face-off versus Brayden Point in SAN JOSE Sharks zone.
0:55 of 3rd period - Shot by Matthew Tkachuk.
0:55 of 3rd period - Shot Misses the Net.
0:58 of 3rd period - Icing by Christian Jaros.
0:59 of 3rd period - Brayden Point wins face-off versus Ondrej Palat in SAN JOSE Sharks zone.
0:59 of 3rd period - Brayden Point is hit by Nathan Beaulieu.
1:19 of 3rd period - Shot by Tom Wilson.
1:19 of 3rd period - Shot Blocked by Dougie Hamilton.
1:21 of 3rd period - Shot by Nathan Beaulieu.
1:21 of 3rd period - Shot Misses the Net.
1:32 of 3rd period - Icing by Dougie Hamilton.
1:33 of 3rd period - Brayden Point wins face-off versus Brendan Perlini in ARIZONA Coyotes zone.
1:33 of 3rd period - Brayden Point is hit by Josh Anderson.
2:38 of 3rd period - Shot by Nazem Kadri.
2:38 of 3rd period - Shot Misses the Net.
2:40 of 3rd period - Shot by Matt Boldy.
2:40 of 3rd period - Stopped by Jake Oettinger without a rebound.
2:41 of 3rd period - Derek Stepan wins face-off versus Brock Nelson in SAN JOSE Sharks zone.
2:41 of 3rd period - Derek Stepan is hit by Justin Abdelkader.
3:03 of 3rd period - Shot by Sonny Milano.
3:03 of 3rd period - Shot Blocked by Derek Stepan.
3:21 of 3rd period - Shot by Ondrej Palat.
3:21 of 3rd period - Deflect By Tom Wilson.
3:21 of 3rd period - Stopped by Jaroslav Halak with a rebound.
3:30 of 3rd period - Minor Penalty to Braden Schneider for Interference.
3:31 of 3rd period - Nazem Kadri wins face-off versus Mike Hoffman in ARIZONA Coyotes zone.
3:44 of 3rd period - Matthew Tkachuk is hit by Lucas Raymond and loses puck.
3:58 of 3rd period - Icing by Connor Brown.
3:59 of 3rd period - Connor Brown wins face-off versus Nazem Kadri in SAN JOSE Sharks zone.
4:46 of 3rd period - Shot by Derek Stepan.
4:46 of 3rd period - Shot Misses the Net.
4:53 of 3rd period - Icing by Ondrej Palat.
4:54 of 3rd period - Nazem Kadri wins face-off versus Derek Stepan in SAN JOSE Sharks zone.
5:15 of 3rd period - Shot by Ondrej Palat.
5:15 of 3rd period - Stopped by Jaroslav Halak without a rebound.
5:16 of 3rd period - Connor Brown wins face-off versus Matthew Tkachuk in ARIZONA Coyotes zone.
5:25 of 3rd period - Shot by Lucas Raymond.
5:25 of 3rd period - Stopped by Jaroslav Halak with a rebound.
5:33 of 3rd period - Shot by Brendan Perlini.
5:33 of 3rd period - Shot Misses the Net.
5:35 of 3rd period - Shot by Josh Anderson.
5:35 of 3rd period - Deflect By Brendan Perlini.
5:35 of 3rd period - Stopped by Jaroslav Halak without a rebound.
5:36 of 3rd period - Erik Haula wins face-off versus Klim Kostin in ARIZONA Coyotes zone.
5:41 of 3rd period - Shot by Josh Anderson.
5:41 of 3rd period - Shot Misses the Net.
6:00 of 3rd period - Sean Durzi is hit by Vincent Desharnais and loses puck.
6:08 of 3rd period - Shot by Carl Hagelin.
6:08 of 3rd period - Stopped by Jake Oettinger without a rebound.
6:09 of 3rd period - Derek Stepan wins face-off versus Justin Abdelkader in SAN JOSE Sharks zone.
6:14 of 3rd period - Shot by Rasmus Ristolainen.
6:14 of 3rd period - Shot Blocked by Dougie Hamilton.
6:16 of 3rd period - Shot by Tom Wilson.
6:16 of 3rd period - Stopped by Jaroslav Halak without a rebound.
6:17 of 3rd period - Derek Stepan wins face-off versus Nazem Kadri in ARIZONA Coyotes zone.
6:26 of 3rd period - Shot by Derek Stepan.
6:26 of 3rd period - Shot Misses the Net.
6:30 of 3rd period - Shot by Derek Stepan.
6:30 of 3rd period - Shot Blocked by Dougie Hamilton.
6:32 of 3rd period - Shot by Marcus Pettersson.
6:32 of 3rd period - Shot Misses the Net.
6:35 of 3rd period - Tom Wilson is hit by Madison Bowey and loses puck.
6:50 of 3rd period - Shot by Ondrej Palat.
6:50 of 3rd period - Stopped by Jaroslav Halak without a rebound.
6:51 of 3rd period - Brayden Point wins face-off versus Mike Hoffman in ARIZONA Coyotes zone.
7:27 of 3rd period - Lucas Raymond is hit by Sean Durzi and loses puck.
7:47 of 3rd period - Off-side.
7:48 of 3rd period - Nazem Kadri wins face-off versus Derek Stepan in neutral zone.
8:05 of 3rd period - Shot by Nazem Kadri.
8:05 of 3rd period - Stopped by Jake Oettinger without a rebound.
8:06 of 3rd period - Brock Nelson wins face-off versus Erik Haula in SAN JOSE Sharks zone.
8:06 of 3rd period - Tucker Poolman is hit by Vincent Desharnais and loses puck.
8:18 of 3rd period - Icing by Sonny Milano.
8:19 of 3rd period - Brock Nelson wins face-off versus Derek Stepan in ARIZONA Coyotes zone.
9:22 of 3rd period - Shot by Lucas Raymond.
9:22 of 3rd period - Shot Misses the Net.
9:24 of 3rd period - Shot by Lucas Raymond.
9:24 of 3rd period - Shot Blocked by Justin Abdelkader.
9:26 of 3rd period - Shot by Mike Hoffman.
9:26 of 3rd period - Deflect By Lucas Raymond.
9:26 of 3rd period - Stopped by Jaroslav Halak without a rebound.
9:27 of 3rd period - Erik Haula wins face-off versus Nazem Kadri in ARIZONA Coyotes zone.
10:29 of 3rd period - Icing by Vincent Desharnais.
10:30 of 3rd period - Brayden Point wins face-off versus Erik Haula in SAN JOSE Sharks zone.
10:37 of 3rd period - Shot by Brayden Point.
10:37 of 3rd period - Deflect By Matthew Tkachuk.
10:37 of 3rd period - Shot Misses the Net.
11:36 of 3rd period - Minor Penalty to Mike Hoffman for Tripping.
11:37 of 3rd period - Nazem Kadri wins face-off versus Ondrej Palat in SAN JOSE Sharks zone.
12:06 of 3rd period - Shot by Vince Dunn.
12:06 of 3rd period - Stopped by Jake Oettinger without a rebound.
12:07 of 3rd period - Brayden Point wins face-off versus Tom Wilson in SAN JOSE Sharks zone.
12:41 of 3rd period - Shot by Brayden Point.
12:41 of 3rd period - Shot Blocked by Rasmus Ristolainen.
13:24 of 3rd period - Shot by Timo Meier.
13:24 of 3rd period - Shot Misses the Net.
13:26 of 3rd period - Shot by Vince Dunn.
13:26 of 3rd period - Shot Blocked by Nathan Beaulieu.
13:41 of 3rd period - Tucker Poolman is hit by Lucas Raymond and loses puck.
14:32 of 3rd period - Icing by Lucas Raymond.
14:33 of 3rd period - Victor Olofsson wins face-off versus Mike Hoffman in SAN JOSE Sharks zone.
14:33 of 3rd period - Matt Boldy is hit by Cody Ceci and loses puck.
14:52 of 3rd period - Shot by Erik Haula.
14:52 of 3rd period - Deflect By Josh Anderson.
14:52 of 3rd period - Shot Misses the Net.
15:10 of 3rd period - Shot by Marcus Pettersson.
15:10 of 3rd period - Stopped by Jaroslav Halak without a rebound.
15:11 of 3rd period - Brayden Point wins face-off versus Derek Stepan in ARIZONA Coyotes zone.
15:11 of 3rd period - Brayden Point is hit by Tom Wilson.
15:31 of 3rd period - Shot by Ondrej Palat.
15:31 of 3rd period - Stopped by Jaroslav Halak without a rebound.
15:32 of 3rd period - Brendan Perlini wins face-off versus Brock Nelson in ARIZONA Coyotes zone.
15:45 of 3rd period - Shot by Brock Nelson.
15:45 of 3rd period - Shot Misses the Net.
16:00 of 3rd period - Josh Anderson is hit by Tucker Poolman and loses puck.
16:13 of 3rd period - Shot by Brock Nelson.
16:13 of 3rd period - Shot Misses the Net.
16:15 of 3rd period - Shot by Brock Nelson.
16:15 of 3rd period - Deflect By Sonny Milano.
16:15 of 3rd period - Stopped by Jake Oettinger without a rebound.
16:16 of 3rd period - Nazem Kadri wins face-off versus Tom Wilson in SAN JOSE Sharks zone.
16:16 of 3rd period - Matt Boldy is hit by Christian Jaros and loses puck.
16:33 of 3rd period - Nathan Beaulieu is hit by Nazem Kadri and loses puck.
16:42 of 3rd period - Shot by Matt Boldy.
16:42 of 3rd period - Shot Misses the Net.
18:02 of 3rd period - Shot by Josh Anderson.
18:02 of 3rd period - Stopped by Jaroslav Halak without a rebound.
18:03 of 3rd period - Erik Haula wins face-off versus Brock Nelson in ARIZONA Coyotes zone.
18:10 of 3rd period - Shot by Brendan Perlini.
18:10 of 3rd period - Deflect By Josh Anderson.
18:10 of 3rd period - Shot Misses the Net.
18:12 of 3rd period - Shot by Rasmus Ristolainen.
18:12 of 3rd period - Stopped by Jaroslav Halak without a rebound.
18:13 of 3rd period - Michael McLeod wins face-off versus Carl Hagelin in ARIZONA Coyotes zone.
18:35 of 3rd period - Dillon Dube is hit by Rasmus Ristolainen.
19:08 of 3rd period - SAN JOSE Sharks , Jake Oettinger is pulled from the net.
19:32 of 3rd period - Shot by Matthew Tkachuk.
19:32 of 3rd period - Goal by Matthew Tkachuk - SAN JOSE Sharks : 3 - ARIZONA Coyotes : 5.
19:32 of 3rd period - Jake Oettinger from SAN JOSE Sharks was sent back in the game.
19:33 of 3rd period - Mike Hoffman wins face-off versus Brock Nelson in neutral zone.
19:33 of 3rd period - Mike Hoffman is hit by Justin Abdelkader.
19:42 of 3rd period - Mike Hoffman is hit by Vince Dunn and loses puck.
Goals for this period are 0 for SAN JOSE Sharks vs 2 for ARIZONA Coyotes .
Shots for this period are 11 for SAN JOSE Sharks vs 9 for ARIZONA Coyotes .